 Dungeon Crawl Stone Soup version 0.27-a0-808-g60bc5d92e6 (webtiles) character file.

Game seed: 5603239948009337676

420 jiml777 the Gusty (level 6, -14/69 HPs)
             Began as a Demigod Air Elementalist on Mar 28, 2021.
             Demolished by an orc warrior
             ... wielding a +0 flail
              (21 damage)
             ... on level 5 of the Dungeon.
             The game lasted 00:33:04 (4953 turns).

jiml777 the Gusty (Demigod Air Elementalist)        Turns: 4953, Time: 00:33:05

Health: -14/69     AC:  2    Str:  9    XL:     6   Next: 35%
Magic:  12/13      EV: 12    Int: 25    God:
Gold:   226        SH:  0    Dex: 14    Spells: 0/10 levels left

rFire    . . .     SeeInvis .   p - staff of poison
rCold    . . .     Faith    .   (no shield)
rNeg     . . .     Spirit   .   c - +0 robe {Will+}
rPois    +         Reflect  .   (no helmet)
rElec    .         Harm     .   (no cloak)
rCorr    .         Rampage  .   (no gloves)
Will     +....                  (no boots)
Stlth    ..........             f - amulet of magic regeneration
HPRegen  0.21/turn              (no ring)
MPRegen  0.38/turn              (no ring)

@: berserking, very quick
A: high mp 1, forlorn
a: no special abilities


You were on level 5 of the Dungeon.
You visited 1 branch of the dungeon, and saw 5 of its levels.

You collected 226 gold pieces.

Inventory:

Hand Weapons
 j - a +2 dagger of venom
Missiles
 a - 18 poisoned darts
 d - 11 sling bullets
 k - 34 stones
 o - 2 curare-tipped darts
Armour
 c - a +0 robe of willpower (worn)
Magical Staves
 p - a staff of poison (weapon)
Jewellery
 f - an amulet of magic regeneration (around neck)
Wands
 g - a wand of paralysis (10)
Scrolls
 b - a scroll of vulnerability {unknown}
 e - a scroll of noise {unknown}
 l - 2 scrolls of magic mapping {unknown}
 n - a scroll of fear {unknown}
 q - a scroll of amnesia {unknown}
Potions
 h - a potion of curing
 i - a potion of berserk rage
 m - a potion of attraction


   Skills:
 + Level 0.4 Fighting
 * Level 1.8 Short Blades
 + Level 2.4 Dodging
 + Level 2.4 Stealth
 + Level 2.9 Spellcasting
 + Level 2.7 Conjurations
 + Level 4.1 Air Magic
 * Level 1.4 Evocations


You couldn't memorise any spells.
You knew the following spells:

 Your Spells              Type           Power      Damage    Failure   Level
a - Shock                 Conj/Air       80%        1d8       2%          1
b - Swiftness             Air            24%        N/A       2%          2
c - Static Discharge      Conj/Air       20%        N/A       8%          3
d - Airstrike             Air            12%        N/A       19%         4

Your spell library contained the following spells:

 Spells                   Type           Power      Damage    Failure   Level
 Confusing Touch          Hex            3%         N/A       30%         3
 Gell's Gravitas          Tloc           1%         N/A       30%         3
 Lightning Bolt           Conj/Air       10%        1d23      56%         5
 Petrify                  Tmut/Erth      3%         N/A       71%         4
 Metabolic Englaciation   Hex/Ice        1%         N/A       96%         5
 Yara's Violent Unravell  Hex/Tmut       1%         3d3       96%         5


Dungeon Overview and Level Annotations

Branches:
Dungeon (5/15)
 Temple: D:4-7

Shops:
D:5 (=

Annotations:
D:4 2 transporters, Darkuwa's ghost, amateur DEAE


Innate Abilities, Weirdness & Mutations

Your attributes grow dramatically as you level up.
You have an increased reservoir of magic. (+10% MP)
You shall have no god before yourself.


Message History

Confirm with . or Enter, or press ? or * to list all spells.
Aiming: Shock (safe; 2% risk of failure)
Press: ? - help, Shift-Dir - straight line The zap hits the orc warrior but does no damage.
The zap misses the orc warrior.
You hit the orc warrior.
The orc warrior is lightly wounded.
The orc warrior closely misses you.
You hit the orc warrior but do no damage.
The orc warrior is lightly wounded.
The orc warrior hits you with a +0 flail!
You barely miss the orc warrior.
The orc warrior is lightly wounded.
The orc warrior hits you with a +0 flail!
The orc warrior closely misses you.
You hit the orc warrior but do no damage.
The orc warrior is lightly wounded.
The orc wizard misses you.
The orc warrior hits you with a +0 flail!
* * * LOW HITPOINT WARNING * * *
A red film seems to cover your vision as you go berserk!
You feel yourself moving faster!
You feel mighty! The orc wizard closely misses you.
The orc warrior closely misses you.
You hit the orc warrior!
The orc warrior is moderately wounded.
The orc wizard hits you with a +0 mace.
* * * LOW HITPOINT WARNING * * *
The orc warrior misses you.
You closely miss the orc warrior.
The orc warrior is moderately wounded.
The orc wizard barely misses you.
The orc warrior hits you with a +0 flail.
* * * LOW HITPOINT WARNING * * *
You hit the orc warrior.
The orc warrior is moderately wounded.
The orc wizard hits you but does no damage.
You closely miss the orc warrior.
The orc warrior is moderately wounded.
The orc warrior hits you with a +0 flail!!
You die...

#..............[
####................###
.......................
.....[...............# #
###.................##..
.##.....................
..#.................#...
..#......)..............
...........)...o@...∩...
..#..........#)o../.....
..#..#.....[....#####...
.##...o.#....).## .
###............#
.....).............
....................
......>.........#....
................##.##


You could see an orc warrior and an orc wizard.

Vanquished Creatures
  A necrophage (D:4)
  A scorpion (D:3)
  Natasha (thrice) (D:3)
  An orc wizard (D:5)
  A hound skeleton (D:3)
  3 gnolls (D:4)
  2 adders
  An adder skeleton (D:4)
  2 worms
  2 dart slugs (D:1)
  6 orcs
  7 ball pythons
  8 bats
  4 endoplasms
  6 giant cockroaches
  7 goblins
  3 hobgoblins
  12 jackals
  2 quokkas
  3 frilled lizards
  11 kobolds
  4 rats
90 creatures vanquished.

Vanquished Creatures (others)
  An orc wizard (D:5)
  4 withered plants (D:3)
5 creatures vanquished.

Grand Total: 95 creatures vanquished

Notes
Turn   | Place    | Note
-------+----------+-------------------------------------------
     0 | D:1      | jiml777 the Demigod Air Elementalist began the quest for
                  | the Orb.
     0 | D:1      | Reached XP level 1. HP: 14/14 MP: 5/5
   145 | D:1      | Reached skill level 3 in Air Magic
   163 | D:1      | Reached XP level 2. HP: 19/20 MP: 1/7
   190 | D:1      | Reached skill level 1 in Conjurations
  1075 | D:2      | Reached XP level 3. HP: 26/26 MP: 6/8
  1236 | D:2      | Learned a level 2 spell: Swiftness
  1240 | D:2      | Learned a level 3 spell: Static Discharge
  2015 | D:3      | Reached skill level 1 in Short Blades
  2015 | D:3      | Reached XP level 4. HP: 25/33 MP: 4/10
  2444 | D:3      | Noticed Natasha
  2451 | D:3      | Killed Natasha
  2913 | D:3      | Reached XP level 5. HP: 30/38 MP: 6/11
  2960 | D:3      | Noticed Natasha
  3018 | D:3      | Killed Natasha
  3146 | D:3      | Noticed Natasha
  3227 | D:3      | Killed Natasha
  3657 | D:4      | Noticed a centaur
  3658 | D:4      | Found a transporter.
  3658 | D:4      | Noticed Darkuwa's ghost (amateur DEAE)
  3675 | D:4      | Noticed a necrophage
  3687 | D:4      | Found a transporter.
  3696 | D:4      | Killed a necrophage
  3697 | D:4      | Reached skill level 4 in Air Magic
  3697 | D:4      | Reached skill level 1 in Evocations
  3697 | D:4      | Reached XP level 6. HP: 12/46 MP: 7/13
  3800 | D:4      | Learned a level 4 spell: Airstrike
  4837 | D:5      | Entered Level 5 of the Dungeon
  4905 | D:5      | Found Veqag's Jewellery Shoppe.
  4920 | D:5      | Found Gonu's Antique Weapon Shoppe.
  4953 | D:5      | Demolished by an orc warrior

Illustrated notes

Levels and vault maps discovered:
D:1:      psy_arrival_dodecagon, layout_basic, minmay_crystal_water
D:2:      layout_loops_cross, kennysheep_doodads, minmay_tripent
D:3:      layout_basic, lemuel_crystal_altar, serial_undead, serial_undead_a,
          serial_undead_b, serial_undead_e, serial_undead_b, serial_undead_f,
          st_stairs_14, uniq_natasha
D:4:      layout_basic, minitemple, doesnt_xom_only_xom, gammafunk_ghost_arena
D:5:      layout_rooms, old_standard_altar, minmay_temple_entry_antechambers,
          serial_shops, kennysheep_little_box, shop, shop, shop,
          nicolae_shop_behind_doors, tso_altar

Skill      XL: |  1  2  3  4  5 |
---------------+----------------+-----
Dodging        | 2 |  2.4
Air Magic      | 3 4 |  4.1
Conjurations   | 1 2 |  2.7
Stealth        | 2 |  2.4
Spellcasting   | 2 |  2.9
Short Blades   | 1 |  1.8
Evocations     | 1 |  1.4
Fighting       | |  0.4

Action                   |  1- 3 |  4- 6 || total
-------------------------+-------+-------++-------
Melee: Hand axe          |     8 |       ||     8
       Dagger            |     2 |    20 ||    22
       Staff             |       |     8 ||     8
 Cast: Shock             |    97 |    96 ||   193
  Use: Scroll            |       |     3 ||     3
       Potion            |       |     1 ||     1
Armor: Robe              |    12 |     5 ||    17
Dodge: Dodged            |    27 |    26 ||    53

Table legend: (Time is in decaauts)
 A = Elapsed time spent in this place.
 B = Non-inter-level travel time spent in this place.
 C = Inter-level travel time spent in this place.
 D = Time resting spent in this place.
 E = Time spent auto-exploring this place.
 F = Levels seen in this place.
 G = Mean time per level.
                   A        B        C        D        E       F      G
               +--------+--------+--------+--------+--------+-----+--------+
         Total |   4951 |   4893 |     58 |   1811 |   2117 |   5 |  990.2 |
       Dungeon |   4951 |   4893 |     58 |   1811 |   2117 |   5 |  990.2 |
               +--------+--------+--------+--------+--------+-----+--------+

Top non-repeatable levels by time:
     D:3: 1537 daAuts
     D:4: 1343 daAuts
     D:1: 1071 daAuts
     D:2: 883 daAuts
     D:5: 115 daAuts
